 Dungeon Crawl Stone Soup version 0.31-a0-261-g072fdb8a1f (webtiles) character file.

Game seed: 2110398158656235355

109 qw the Shooter (level 4, -8/36 HPs)
             Began as a Minotaur Hexslinger on July 13, 2023.
             Mangled by Natasha (10 damage)
             ... on level 1 of the Dungeon.
             The game lasted 00:00:49 (1727 turns).

qw the Shooter (Minotaur Hexslinger)                Turns: 1727, Time: 00:00:49

Health: -8/36      AC:  0    Str: 12    XL:     4   Next: 59%
Magic:  4/4        EV: 19    Int: 10    God:
Gold:   41         SH:  0    Dex: 20    Spells: 4/5 levels left

rFire   . . .        Y - melded +1 sling
rCold   . . .        (shield currently unavailable)
rNeg    . . .        h - melded +0 ring mail
rPois   .            (helmet currently unavailable)
rElec   .            (cloak currently unavailable)
rCorr   .            (gloves currently unavailable)
SInv    .            (boots currently unavailable)
Will    .....        (no amulet)
Stlth   ++           (ring currently unavailable)
HPRegen 0.26/turn    (ring currently unavailable)
MPRegen 0.09/turn

%: no passive effects
@: bat-form (expiring), flying, slowed, quick
A: fast, flying, no casting, tiny, (horns 2), (retaliatory headbutt)
a: no special abilities


You were on level 1 of the Dungeon.
You were a bat.
You visited 1 branch of the dungeon, and saw 2 of its levels.

You collected 41 gold pieces.


Innate Abilities, Weirdness & Mutations

You are a bat.
You are tiny and dextrous.
You move quickly.
You are flying.
Your equipment is almost entirely melded.
You are incapable of wielding weapons or throwing items.
You cannot cast spells.
((You have a pair of horns on your head.))
((You reflexively headbutt those who attack you in melee.))


   Skills:
 - Level 2.1 Fighting
 + Level 4.5 Ranged Weapons
 - Level 2.1 Armour
 - Level 2.1 Dodging
 - Level 1.0 Spellcasting
 - Level 2.0 Hexes


You had 4 spell levels left.
You knew the following spells:

 Your Spells              Type           Power      Damage    Failure   Level
a - Slow                  Hex            16%        N/A       16%         1

Your spell library contained the following spells:

 Spells                   Type           Power      Damage    Failure   Level
 Inner Flame              Hex/Fire       2%         N/A       56%         3
 Portal Projectile        Hex/Tloc       4%         N/A       56%         3
 Cause Fear               Hex            2%         N/A       83%         4

Inventory:

Hand Weapons
 Y - a +1 sling (melded)
Armour
 d - the +2 leather armour of Infinity {Str+2}
   (You found it on level 2 of the Dungeon)

   Str:       It affects your strength (+2).
 g - a scarf of repulsion
 h - a +0 ring mail (melded)
Scrolls
 a - a scroll of enchant armour
 b - a scroll of identify {unknown}
 e - a scroll of torment {unknown}
 f - a scroll of teleportation {unknown}
Potions
 c - a potion of might {unknown}
 i - a potion of attraction {unknown}
 j - a potion of curing {unknown}

Dungeon Overview and Level Annotations

Branches:
Dungeon (2/15)

Altars:

Annotations:
D:1 Natasha


Message History

Natasha mumbles some strange words.
Natasha's front paws start to glow.
Natasha barely misses you.
You hit Natasha.
Natasha is heavily wounded.
Your transformation is almost over.
Natasha misses you.
You closely miss Natasha.
Natasha is heavily wounded.
Natasha stares at you and mumbles some strange words.
The magic dart hits you!
You completely miss Natasha.
Natasha is heavily wounded.
Natasha mumbles some strange words.
You hit Natasha but do no damage.
Natasha is heavily wounded.
Natasha completely misses you.
You hit Natasha but do no damage.
Natasha is heavily wounded.
The cerulean imp hits you with a +1 spear.
Natasha claws you.
You hit Natasha but do no damage.
Natasha is heavily wounded.
The cerulean imp completely misses you. Natasha completely misses you.
You closely miss Natasha.
Natasha is heavily wounded.
The cerulean imp misses you. Natasha closely misses you.
You hit Natasha but do no damage.
Natasha is heavily wounded.
The cerulean imp hits you with a +1 spear.
Natasha misses you.
You hit Natasha.
Natasha is heavily wounded.
The cerulean imp hits you with a +1 spear.
Natasha casts a spell at you.
You feel yourself slow down.
You closely miss Natasha.
Natasha is heavily wounded.
The cerulean imp misses you. Natasha claws you!
You die...

##### ######## #...# #.[.....
#.#.# #.#####. #####.#>###.#####.
####### #b5...#...........
##.....#########h.#######........
................>....#...g...###.
.#.###.#########.###.#.###...# #.
.#.###.#########.# #.#.# #...# #.
.#.##............# #...# #...###.
.#.#...).######### ##### #.....)[
.#..(.....# #######. .###.....##
#..


You could see Natasha and a cerulean imp (summoned).

Vanquished Creatures
  Natasha (twice) (D:2)
  An adder zombie (D:2)
  2 worms
  2 dart slugs (D:1)
  2 bat zombies (D:2)
  4 endoplasms
  3 giant cockroaches (D:1)
  6 goblins
  4 hobgoblins
  5 kobolds
  3 quokkas (D:1)
  2 ball pythons (D:2)
  4 bats (D:1)
  A frilled lizard (D:1)
  A giant cockroach zombie (D:2)
  A quokka skeleton (D:2)
  A quokka zombie (D:2)
  5 rats (D:1)
49 creatures vanquished.

Notes
Turn   | Place    | Note
-------+----------+-------------------------------------------
     0 | D:1      | qw the Minotaur Hexslinger began the quest for the Orb.
     0 | D:1      | Reached XP level 1. HP: 16/16 MP: 1/1
     0 | D:1      | 0 ||| qw: Version: 0.3-a-52-g30416fa
     0 | D:1      | 0 ||| qw: Game counter: 7023
     0 | D:1      | 0 ||| qw: Melee chars always use a shield: true
     0 | D:1      | 0 ||| qw: God list: Okawaru
     0 | D:1      | 0 ||| qw: Allow faded altars: false
     0 | D:1      | 0 ||| qw: Do Orc after clearing Dungeon:15 true
     0 | D:1      | 0 ||| qw: Do second Lair branch before Depths: true
     0 | D:1      | 0 ||| qw: Lair rune preference: random
     0 | D:1      | 0 ||| qw: Goals: Normal
     0 | D:1      | 0 ||| PLANNING D:1-11
    78 | D:1      | Reached skill level 3 in Ranged Weapons
    97 | D:1      | Reached XP level 2. HP: 11/23 MP: 2/2
   376 | D:1      | 376 ||| Stepping ~*~*~tactically~*~*~ (outnumbered).
   566 | D:1      | Reached XP level 3. HP: 29/29 MP: 3/3
   852 | D:1      | 852 ||| UPGRADING to +0 leather armour.
   862 | D:1      | 862 ||| DROPPING +0 robe.
   863 | D:1      | 863 ||| UPGRADING to +0 ring mail.
   873 | D:1      | 873 ||| DROPPING +0 leather armour.
   874 | D:1      | 874 ||| READING 2 scrolls labelled FAD BYAN VYUDD.
   875 | D:1      | 875 ||| READING scroll labelled HEM MAMOXTOMY.
   876 | D:1      | 876 ||| READING scroll labelled ACAARPHAA HIFF.
   877 | D:1      | 877 ||| DROPPING scroll of poison.
   914 | D:2      | 914 ||| STAIRDANCE
  1070 | D:2      | Reached skill level 4 in Ranged Weapons
  1103 | D:2      | Identified the +2 leather armour of Infinity {Str+2}
  1450 | D:2      | Noticed Natasha
  1458 | D:2      | Killed Natasha
  1459 | D:2      | Reached XP level 4. HP: 27/36 MP: 4/4
  1501 | D:2      | Identified the +1 dagger "Gisauv" {pain, Int+2 Dex+5}
  1541 | D:2      | Noticed Natasha
  1552 | D:2      | Killed Natasha
  1684 | D:2      | Noticed Natasha
  1690 | D:2      | 1690 ||| FLEEEEING.
  1693 | D:2      | 1693 ||| FLEEEEING.
  1694 | D:2      | 1694 ||| FLEEEEING.
  1695 | D:2      | 1695 ||| FLEEEEING.
  1696 | D:2      | 1696 ||| FLEEEEING.
  1697 | D:2      | 1697 ||| FLEEEEING.
  1698 | D:2      | 1698 ||| FLEEEEING.
  1699 | D:2      | 1699 ||| FLEEEEING.
  1700 | D:2      | 1700 ||| FLEEEEING.
  1701 | D:2      | 1701 ||| FLEEEEING.
  1702 | D:2      | 1702 ||| FLEEEEING.
  1703 | D:2      | 1703 ||| FLEEEEING.
  1704 | D:2      | 1704 ||| FLEEEEING.
  1705 | D:2      | 1705 ||| FLEEEEING.
  1706 | D:2      | 1706 ||| FLEEEEING.
  1707 | D:2      | 1707 ||| FLEEEEING.
  1708 | D:2      | 1708 ||| FLEEEEING.
  1709 | D:2      | 1709 ||| FLEEEEING.
  1710 | D:2      | 1710 ||| STAIRDANCE
  1719 | D:1      | HP: 9/36 [Natasha/magic dart (9)]
  1725 | D:1      | HP: 3/36 [cerulean imp/+1 spear[Natasha] (5)]
  1726 | D:1      | HP: 1/36 [cerulean imp/+1 spear[Natasha] (2)]
  1727 | D:1      | Mangled by Natasha

Levels and vault maps discovered:
D:1:      noname_arrival_rooms_in_the_neighbourhood, layout_loops_ring,
          roderic_filled_cross, minmay_tetromino_t2
D:2:      layout_loops_ring, dilly_guarded_unrand_morg

Skill      XL: |  1  2  3 |
---------------+----------+-----
Ranged Weapons | 3 4 |  4.5
Fighting       | 2 |  2.1
Armour         | 2 |  2.1
Dodging        | |  2.1
Spellcasting   | |  1.0
Hexes          | |  2.0

Action                     |  1- 3 |  4- 6 || total
---------------------------+-------+-------++-------
  Melee: Unarmed           |       |    20 ||    20
   Fire: Sling             |   123 |    24 ||   147
    Use: Scroll            |     3 |       ||     3
   Stab: Confused          |       |     1 ||     1
 Armour: Robe              |     6 |       ||     6
         Ring mail         |     3 |    13 ||    16
         Skin              |       |     1 ||     1
  Dodge: Dodged            |    28 |    47 ||    75

Table legend:
 A = Non-vault XP
 B = Vault XP
 C = Vault XP percentage of total XP
 D = Non-vault monster count
 E = Vault monster count
 F = Vault count percentage of total count
                 A         B        C        D         E       F
            +---------+---------+-------+---------+---------+-------
      Total |     108 |      48 |  30.8 |      41 |       8 |  16.3
            +---------+---------+-------+---------+---------+-------
        D:1 |      54 |       1 |   1.8 |      29 |       1 |   3.3
        D:2 |      54 |      47 |  46.5 |      12 |       7 |  36.8
            +---------+---------+-------+---------+---------+-------
